 Dungeon Crawl Stone Soup version 0.29-a0-323-g050149af67 (webtiles) character file.

Game seed: 5493773580996027362

2075 Gwenloh the Carver (level 9, 0/71 HPs)
             Began as a Human Fighter on Apr 9, 2022.
             Slain by a gnoll sergeant
             ... wielding a +0 trident
              (6 damage)
             ... on level 4 of the Dungeon on Apr 11, 2022.
             The game lasted 00:19:17 (6447 turns).

Gwenloh the Carver (Human Fighter)                  Turns: 6447, Time: 00:19:17

Health: 0/71       AC: 11    Str: 20    XL:     9   Next: 51%
Magic:  0/9        EV: 10    Int: 15    God:
Gold:   725        SH:  0    Dex: 16    Spells: 8/8 levels left

rFire   . . .      SeeInvis .   e - +5 great sword (flame)
rCold   + . .      Faith    .   (shield currently unavailable)
rNeg    . . .      Spirit   +   E - +2 ring mail {rC+}
rPois   .          Reflect  .   (no helmet)
rElec   .          Harm     .   u - +0 cloak
rCorr   .          Rampage  .   o - +0 pair of gloves
Will    .....                   (no boots)
Stlth   +.........              g - amulet of guardian spirit
HPRegen 0.21/turn               D - ring "Usaeh" {Str+3 Int+6}
MPRegen 0.11/turn               (no ring)

@: no status effects
A: no striking features
a: no special abilities


You were on level 4 of the Dungeon.
You visited 1 branch of the dungeon, and saw 5 of its levels.
You also visited: Sewer.

You collected 725 gold pieces.

Inventory:

Hand Weapons
 e - a +5 great sword of flaming (weapon)
 s - a +0 rapier
 t - a +0 scimitar
Missiles
 f - 110 stones
 l - a curare-tipped dart
 v - 7 poisoned darts
 x - a boomerang (quivered)
Armour
 b - a +0 scale mail
 c - a +0 buckler
 o - a +0 pair of gloves (worn)
 u - a +0 cloak (worn)
 E - a +2 ring mail of cold resistance (worn)
Jewellery
 g - an amulet of guardian spirit (around neck)
 D - the ring "Usaeh" (left hand) {Str+3 Int+6}
   (You found it on level 5 of the Dungeon)

   [ring of intelligence]

   Str:       It affects your strength (+3).
   Int:       It affects your intelligence (+6).
Scrolls
 a - a scroll of fog
 i - a scroll of amnesia
 m - 2 scrolls of fear
 p - 2 scrolls of vulnerability
 q - 2 scrolls of teleportation
 r - a scroll of blinking
 y - a scroll of noise {unknown}
 B - a scroll of immolation {unknown}
Potions
 d - a potion of might
 h - a potion of lignification {unknown}
 j - 2 potions of resistance {unknown}
 k - 4 potions of attraction {unknown}
 n - a potion of brilliance {unknown}
 w - 4 potions of heal wounds {unknown}
 z - 3 potions of curing
 A - a potion of invisibility {unknown}
 C - a potion of haste {unknown}


   Skills:
 + Level 6.7 Fighting
 * Level 8.3 Long Blades
 + Level 6.6 Armour
 - Level 3.7 Shields


You had 8 spell levels left.
You didn't know any spells.
Your spell library contained the following spells:

 Spells                   Type           Power      Damage    Failure   Level
 Static Discharge         Conj/Air       0%         N/A       54%         2
 Gell's Gravitas          Tloc           0%         N/A       77%         3
 Teleport Other           Tloc           0%         N/A       77%         3
 Dispel Undead            Necr           0%         3d6       99%         4
 Sticky Flame             Conj/Fire      0%         2d3       99%         4
 Dispersal                Tloc           0%         N/A       100%        6


Dungeon Overview and Level Annotations

Branches:
Dungeon (5/15)              Sewer (visited)
 Temple: D:4-7

Altars:
Gozag

Shops:
D:3 [


Message History

The gnoll closely misses you. The gnoll sergeant blocks your attack.
The gnoll sergeant misses you.
The gnoll hits you from afar with a +0 spear.
The gnoll sergeant blocks your attack.
The gnoll sergeant hits you with a +0 trident.
The gnoll misses you. The gnoll closely misses you.
The gnoll sergeant hits you but does no damage.
The gnoll sergeant hits you with a +0 trident.
The gnoll closely misses you.
You climb upwards.
There is a stone staircase leading down here.
The gnoll sergeant blocks your attack.
The gnoll sergeant hits you with a +0 trident.
You slice the gnoll sergeant!! You burn the gnoll sergeant.
The gnoll sergeant is almost dead.
The gnoll sergeant misses you. The gnoll sergeant blocks your attack.
The gnoll sergeant is almost dead.
The gnoll sergeant hits you with a +0 trident! x2
* * * LOW HITPOINT WARNING * * *
You hit the gnoll sergeant. You burn the gnoll sergeant.
The gnoll sergeant is almost dead.
The gnoll sergeant closely misses you. The gnoll sergeant blocks your attack.
The gnoll sergeant is almost dead.
The gnoll sergeant hits you with a +0 trident!
* * * LOW HITPOINT WARNING * * *
You barely miss the gnoll sergeant.
The gnoll sergeant is almost dead.
The gnoll sergeant hits you with a +0 trident.
* * * LOW HITPOINT WARNING * * *
The gnoll sergeant blocks your attack.
The gnoll sergeant is almost dead.
The gnoll sergeant hits you with a +0 trident.
* * * LOW HITPOINT WARNING * * *
The gnoll sergeant closely misses you. The gnoll sergeant blocks your attack.
The gnoll sergeant is almost dead.
The gnoll sergeant hits you with a +0 trident!
You die...

#.###)##........................
#.# #†.##..............###...#..
#.####'####...........###...####
#.'.......'..........####..###..
###.≈...≈.#.)................).#
#.≈._.≈.#................####.
###.≈.§.≈.#.)..............# #.
#['.......'................# ##.
#.####'####...g@...........# #..
#.#..#...#................[# #..
#...###....................# #.#
#...# #.....#########......###.#
#.### ##.#<.# #.......#...
#.#####..#..## #...........
#........#...########...........
#####....#.........##.#.###.....
##.##.....#..##..#.#.###.#...


You could see a gnoll sergeant.

Vanquished Creatures
  Pikel (D:4)
  A water moccasin (D:5)
  An orc warrior (D:4)
  A black bear (D:5)
  An ice beast (D:5)
  2 scorpions (D:5)
  4 wights (D:5)
  5 killer bees (D:4)
  A howler monkey (D:4)
  2 hounds (D:4)
  3 orc priests (D:4)
  4 jellies (Sewer)
  3 iguanas
  2 orc wizards
  3 gnolls (D:5)
  10 adders
  4 river rats
  A white imp (D:4)
  An ufetubus (D:5)
  3 worms
  2 dart slugs
  9 orcs
  7 endoplasms
  8 giant cockroaches
  3 goblins
  A hobgoblin (D:1)
  7 jackals
  2 quokkas (D:3)
  8 ball pythons
  A bat (D:1)
  7 frilled lizards
  5 kobolds
  13 rats
126 creatures vanquished.

Vanquished Creatures (others)
  4 plants (D:2)
4 creatures vanquished.

Grand Total: 130 creatures vanquished

Notes
Turn   | Place    | Note
-------+----------+-------------------------------------------
     0 | D:1      | Gwenloh the Human Fighter began the quest for the Orb.
     0 | D:1      | Reached XP level 1. HP: 18/18 MP: 1/1
    40 | D:1      | Reached XP level 2. HP: 3/24 MP: 2/2
    40 | D:1      | Upgraded the game from 0.29-a0-322-g68df515428 to
                  | 0.29-a0-323-g050149af67
  1151 | D:2      | Reached XP level 3. HP: 29/29 MP: 3/3
  1634 | D:2      | You fall into a shaft and drop 1 floor!
  2177 | D:2      | Reached XP level 4. HP: 35/35 MP: 4/4
  2681 | D:3      | Found a faded altar of an unknown god.
  2908 | D:3      | Found Louragh's Armour Shop.
  3378 | D:3      | Reached XP level 5. HP: 42/42 MP: 5/5
  3435 | D:3      | Reached skill level 3 in Long Blades
  3585 | D:4      | Identified 2 scrolls of acquirement
  3590 | D:4      | Acquired a +5 great sword of flaming
  3618 | D:4      | Found an opulent altar of Gozag.
  3649 | D:4      | Reached XP level 6. HP: 40/48 MP: 3/6
  3770 | D:4      | Acquired 495 gold pieces
  3835 | D:4      | Reached skill level 4 in Long Blades
  4077 | D:4      | Noticed Pikel
  4087 | D:4      | Killed Pikel
  4088 | D:4      | Reached skill level 5 in Fighting
  4088 | D:4      | Reached skill level 5 in Long Blades
  4088 | D:4      | Reached skill level 5 in Armour
  4088 | D:4      | Reached XP level 7. HP: 29/56 MP: 4/7
  4088 | D:4      | Reached XP level 8. HP: 33/62 MP: 4/8
  4138 | D:4      | Reached skill level 6 in Long Blades
  4280 | D:4      | Found a glowing drain.
  4287 | Sewer    | Entered a sewer
  4693 | Sewer    | Found a shimmering altar of Xom.
  5218 | D:4      | Reached skill level 7 in Long Blades
  5527 | D:5      | Entered Level 5 of the Dungeon
  5572 | D:5      | Reached XP level 9. HP: 69/69 MP: 9/9
  5972 | D:5      | Identified the ring "Usaeh" {Str+3 Int+6}
  6027 | D:5      | Reached skill level 8 in Long Blades
  6447 | D:4      | Slain by a gnoll sergeant

Illustrated notes

Levels and vault maps discovered:
D:1:      dpeg_arrival_long_road, layout_basic
D:2:      layout_basic, roderic_serpentine_path, chequers_big_river,
          minmay_misc_feat_rugged
D:3:      layout_rooms, hellmonk_ecumenical_altar_slurped_away, serial_shops,
          shop
D:4:      layout_rooms, mainiacjoe_overflow_six_doors_small,
          gup_sewer_entry_bubbles, serial_curves, eino_curves_02,
          eino_curves_03, eino_curves_04, uniq_pikel
D:5:      layout_basic, marbit_many_paths

Skill      XL: |  1  2  3  4  5  6  7  8  9 |
---------------+----------------------------+-----
Long Blades    | 3 5 7 8 |  8.3
Fighting       | 4 5 6 |  6.7
Armour         | 4 5 6 |  6.6
Shields        | |  3.7

Action                   |  1- 3 |  4- 6 |  7- 9 || total
-------------------------+-------+-------+-------++-------
Melee: Long sword        |    99 |    36 |       ||   135
       Great sword       |       |    51 |   153 ||   204
Throw: Stone             |    58 |    28 |    72 ||   158
       Dart              |     3 |     9 |     1 ||    13
       Boomerang         |       |       |    36 ||    36
Evoke: Wand              |       |     3 |       ||     3
  Use: Scroll            |       |     8 |     1 ||     9
       Potion            |       |       |     3 ||     3
Armor: Scale mail        |    59 |    48 |    44 ||   151
       Ring mail         |       |       |    25 ||    25
Dodge: Dodged            |    32 |    48 |    83 ||   163
Block: Buckler           |    14 |    13 |       ||    27

Table legend: (Time is in decaauts)
 A = Elapsed time spent in this place.
 B = Non-inter-level travel time spent in this place.
 C = Inter-level travel time spent in this place.
 D = Time resting spent in this place.
 E = Time spent auto-exploring this place.
 F = Levels seen in this place.
 G = Mean time per level.
                   A        B        C        D        E       F      G
               +--------+--------+--------+--------+--------+-----+--------+
         Total |   6681 |   6564 |    117 |   1594 |   3289 |   6 | 1113.5 |
       Dungeon |   6096 |   5979 |    117 |   1455 |   3124 |   5 | 1219.2 |
         Sewer |    585 |    585 |      0 |    139 |    164 |   1 |  585.0 |
               +--------+--------+--------+--------+--------+-----+--------+

Top non-repeatable levels by time:
     D:2: 1594 daAuts
     D:4: 1507 daAuts
     D:1: 1145 daAuts
     D:3: 1096 daAuts
     D:5: 751 daAuts
   Sewer: 585 daAuts
